 Dungeon Crawl Stone Soup version 0.20-a0-1124-g2e29d97 (webtiles) character file.

17499 EnemaBoy the Protected (level 12, -4/79 HPs)
             Began as a Gargoyle Chaos Knight on May 15, 2017.
             Slain by a very large slime creature (37 damage)
             ... on level 12 of the Dungeon.
             The game lasted 01:37:49 (10227 turns).

EnemaBoy the Protected (Gargoyle Chaos Knight)     Turns: 10227, Time: 01:37:50

Health: -4/79      AC: 40    Str: 17    XL:     12   Next: 48%
Magic:  15/15      EV:  7    Int: 13    God:    Xom [*.....]
Gold:   373        SH:  0    Dex: 19    Spells: 11/11 levels left

rFire    + . .     SeeInvis .   C - +3 battleaxe (elec)
rCold    . . .     Gourm    .   (shield currently unavailable)
rNeg     + . .     Faith    .   p - +1 plate armour
rPois    ∞         Spirit   .   u - +1 helmet
rElec    +         Reflect  .   H - scarf {rC+ rF+}
rCorr    +         Harm     .   y - +2 pair of gloves
MR       .....     Clarity  +   i - +2 pair of boots
Stlth    ..........             D - amulet of regeneration
Regen    1.1/turn               U - +3 ring of protection
MPRegen  0.2/turn               L - ring of Xom's Reproof {rCorr +Fly rC- Dex+2}

@: flying
A: big wings, thin metallic scales 1, thin skeletal structure 2, clarity,
negative energy resistance 1, regeneration 1, shaggy fur 1, electricity
resistance, unbreathing, petrification resistance, rot immunity, AC +8
a: Stop Flying, Renounce Religion


You were on level 12 of the Dungeon.
You worshipped Xom.
You were a special plaything of Xom.
You were not hungry.

You visited 1 branch of the dungeon, and saw 12 of its levels.
You also visited: Sewer.

You collected 703 gold pieces.
You spent 330 gold pieces at shops.

Inventory:

Hand Weapons
 a - a +0 broad axe
 b - a +1 hunting sling of velocity
 e - a +0 dire flail
 B - a +0 falchion of flaming
 C - a +3 battleaxe of electrocution (weapon)
 K - a +0 arbalest
 N - the +6 spear of Vuskan {elec, rC+ MP+9 Str+3}
   (You found it on level 7 of the Dungeon)

   Occasionally, upon striking a foe, it will discharge some electrical energy
   and cause terrible harm.
   It affects your strength (+3).
   It protects you from cold.
   It affects your magic capacity (+9).
Missiles
 g - 58 sling bullets
 l - 297 stones (quivered)
 o - 161 bolts
 P - 5 curare-tipped needles
Armour
 i - a +2 pair of boots (worn)
 p - a +1 plate armour (worn)
 u - a +1 helmet (worn)
 y - a +2 pair of gloves (worn)
 H - a scarf of resistance (worn)
Jewellery
 m - an uncursed ring of positive energy
 D - an amulet of regeneration (around neck)
 E - a +4 amulet of reflection
 I - an uncursed ring of fire
 L - the ring of Xom's Reproof (right hand) {rCorr +Fly rC- Dex+2}
   (Xom gifted it to you on level 6 of the Dungeon)

   [ring of resist corrosion]

   It affects your dexterity (+2).
   It makes you vulnerable to cold.
   It lets you fly.
 U - a +3 ring of protection (left hand)
 V - an uncursed ring of wizardry {unknown}
Wands
 h - a wand of lightning (5/15)
 q - a wand of paralysis (8/24)
 s - a wand of lightning (5/15)
 Q - a wand of polymorph (10/24)
 R - a wand of digging (18/24)
 S - a wand of iceblast (2/15)
 X - a wand of random effects (25/48)
 Y - a wand of disintegration (20/24)
Scrolls
 f - 3 scrolls of noise {unknown}
 j - 4 scrolls of amnesia {unknown}
 k - 2 scrolls of fog
 n - 3 scrolls of magic mapping {unknown}
 r - 6 scrolls of teleportation
 x - 4 scrolls of recharging {unknown}
 G - 2 scrolls of remove curse
 J - 3 scrolls of blinking
 M - 2 scrolls of fear {unknown}
 T - 4 scrolls of identify
Potions
 d - 5 potions of curing
 w - a potion of cancellation
 z - a potion of invisibility
 A - a potion of lignification
 F - a potion of might
 W - a potion of resistance {unknown}
Comestibles
 c - 10 bread rations
 t - 14 meat rations
 v - 8 royal jellies
 O - 10 fruits
 Z - 3 chunks of flesh


   Skills:
 * Level 10.9 Fighting
 + Level 0.8 Long Blades
 + Level 10.5(10.7) Axes
 + Level 2.9(7.4) Polearms
 + Level 4.4 Slings
 * Level 11.4 Armour
 + Level 2.9 Dodging
 * Level 5.3 Evocations


You had 11 spell levels left.
You didn't know any spells.

Dungeon Overview and Level Annotations

Branches:
Dungeon (12/15)            Temple (0/1) D:4            Lair (0/6) D:10
    Orc (0/2) D:10

Altars:
Dithmenos
Fedhas
Nemelex Xobeh
Ru
Trog
Xom
Beogh

Shops:
D:4 =%   D:8 %

Annotations:
D:12 Rupert


Innate Abilities, Weirdness & Mutations

You are resistant to torment.
Your stone body is resilient. (AC +8)
You are immune to poison.
You resist negative energy. (rN+)
You are resistant to electric shocks. (rElec)
You can survive without breathing.
You are immune to petrification.
You are immune to rotting.
Your large and strong wings let you fly indefinitely.
You are partially covered in thin metallic scales. (AC +2)
You have a moderately thin skeletal structure. (Dex +4, Stealth+)
You possess an exceptional clarity of mind.
Your natural rate of healing is unusually fast.
You are covered in fur. (AC +1)


Message History

2 slime creatures come into view.
The slime creature quivers. x2
The slime creature moves out of view.
You barely miss the slime creature. The slime creature hits you.
A slime creature comes into view.
You slice the slime creature!!
The slime creature is heavily wounded.
Two slime creatures merge to form a large slime creature.
A slime creature suddenly becomes a very large slime creature.
You hit the very large slime creature.
The very large slime creature is lightly wounded.
You slash the very large slime creature!
The very large slime creature is moderately wounded.
The very large slime creature hits you!!
You hit the very large slime creature.
The very large slime creature is moderately wounded.
The very large slime creature hits you!
The very large slime creature hits you!!!
You die...
Xom thinks this is hilarious!

#........# #.........
#........# ....
#......... ∆##########
...####...######
...#......#....#
...#......#....#
...+......+....#
...#......#....#
#######J###.≈≈≈.P.#'###
#.....@...<.≈≈≈........
#..........≈≈≈≈≈≈......
∆
#..........P...≈.......
#..........P.P.........
#######################


You could see a very large slime creature.

Vanquished Creatures
  2 hydras
  3 two-headed ogres
  5 skeletal warriors (D:12)
  An unseen horror (D:12)
  A cyclops (D:11)
  Maurice (D:12)
  A gargoyle (D:12)
  3 hippogriffs
  A dream sheep (D:8)
  A vampire (D:11)
  A wraith (D:12)
  7 yaks (D:12)
  2 wyverns
  A steam dragon (D:11)
  2 hungry ghosts (D:8)
  An acid dragon (D:12)
  Menkaure (D:6)
  A water moccasin (D:9)
  3 phantoms
  4 sky beasts
  Purgy (Sewer)
  A necrophage (D:12)
  9 orc warriors
  An ice beast (D:7)
  5 ogres
  9 centaurs
  2 big kobolds
  2 crocodiles
  7 bullfrogs
  A wyvern skeleton (D:12)
  6 scorpions
  4 wights
  4 killer bees (D:9)
  The ghost of triglyceri the Skirmisher, a weakling DsAK of Lugonu (D:3)
  A howler monkey (D:11)
  2 bullfrog zombies
  4 crimson imps
  2 centaur zombies (D:12)
  A jelly (D:6)
  4 hounds
  A quasit (D:10)
  5 bullfrog skeletons
  10 orc priests
  12 orc wizards
  2 centaur skeletons
  2 iguanas
  Terence (D:2)
  Natasha (D:3)
  9 worker ants
  A hound zombie (D:7)
  A howler monkey zombie (D:9)
  A worker ant zombie (D:11)
  A gnoll (shapeshifter) (D:1)
  4 gnolls (D:4)
  6 adders
  2 river rats (D:6)
  A shadow imp (D:7)
  2 oozes
  2 worms
  A dart slug (D:2)
  6 leopard geckos
  57 orcs
  12 bats
  14 giant cockroaches
  5 goblins
  10 hobgoblins
  20 jackals
  10 kobolds
  5 quokkas
  7 frilled lizards
  7 rats
327 creatures vanquished.

Vanquished Creatures (collateral kills)
  Psyche (D:11)
  Sigmund (D:2)
  A centaur (D:11)
  A big kobold (D:8)
  2 orcs
  A kobold (D:2)
7 creatures vanquished.

Vanquished Creatures (others)
  A wind drake (shapeshifter) (D:9)
  A dream sheep (D:8)
  2 yaks (D:8)
  A big kobold (D:8)
  An orc wizard (D:11)
6 creatures vanquished.

Grand Total: 340 creatures vanquished

Notes
Turn   | Place    | Note
-------+----------+-------------------------------------------
     0 | D:1      | EnemaBoy the Gargoyle Chaos Knight began the quest for the Orb.
     0 | D:1      | Reached XP level 1. HP: 14/14 MP: 1/1
   121 | D:1      | Reached XP level 2. HP: 20/20 MP: 2/2
   201 | D:1      | XOM: silly message
   204 | D:1      | Found a sparkling altar of Nemelex Xobeh.
   247 | D:1      | XOM: harmless Summ miscast
   263 | D:1      | XOM: harmless Air miscast
   270 | D:1      | Reached XP level 3. HP: 24/24 MP: 3/3
   664 | D:1      | XOM: god gift: 24 gold pieces
   767 | D:1      | XOM: god gift: 23 arrows
  1009 | D:2      | Reached XP level 4. HP: 30/30 MP: 4/4
  1009 | D:2      | XOM: severe Hex miscast
  1076 | D:2      | Reached skill level 1 in Dodging
  1078 | D:2      | Noticed Sigmund
  1084 | D:2      | Killed Sigmund
  1084 | D:2      | Reached skill level 3 in Armour
  1084 | D:2      | Reached XP level 5. HP: 34/34 MP: 5/5
  1232 | D:2      | Noticed Terence
  1241 | D:2      | Killed Terence
  1241 | D:2      | Reached skill level 5 in Fighting
  1556 | D:3      | Noticed triglyceri's ghost (weakling DsAK)
  1578 | D:3      | Killed triglyceri's ghost
  1578 | D:3      | Reached XP level 6. HP: 26/40 MP: 6/6
  1654 | D:3      | XOM: 1-stop teleportation journey
  1840 | D:3      | Noticed Natasha
  1843 | D:3      | Killed Natasha
  1941 | D:3      | XOM: give mutations
  1941 | D:3      | Gained mutation: You have a somewhat thin skeletal structure. (Dex +2, Stealth) [Xom's grace]
  1941 | D:3      | Gained mutation: You possess an exceptional clarity of mind. [Xom's grace]
  1948 | D:3      | XOM: confuse monster(s)
  2318 | D:4      | Found Talufecei's Food Shoppe.
  2349 | D:4      | Reached skill level 1 in Slings
  2443 | D:4      | Reached XP level 7. HP: 38/44 MP: 7/7
  2456 | D:4      | XOM: harmless Ice miscast
  2462 | D:4      | Found a staircase to the Ecumenical Temple.
  2772 | D:4      | Found a shadowy altar of Dithmenos.
  2892 | D:4      | XOM: cloud trail
  2936 | D:4      | Found Xeso's Jewellery Shop.
  3089 | D:4      | Reached skill level 5 in Axes
  3103 | D:4      | XOM: potion effect (brilliance)
  3416 | D:5      | Entered Level 5 of the Dungeon
  3482 | D:5      | Reached skill level 4 in Armour
  3745 | D:5      | Found a bloodstained altar of Trog.
  3895 | D:5      | Reached XP level 8. HP: 51/51 MP: 8/8
  4048 | D:5      | XOM: butterfly on damage
  4071 | D:5      | Reached skill level 5 in Armour
  4100 | D:5      | XOM is BORED!
  4100 | D:5      | XOM: mild Hex miscast
  4174 | D:6      | Noticed Menkaure
  4182 | D:6      | Killed Menkaure
  4341 | D:6      | XOM: divination: magic mapping
  4363 | D:6      | Found a glowing drain.
  4367 | Sewer    | Entered a sewer
  4434 | Sewer    | XOM: harmless Air miscast
  4450 | Sewer    | Noticed Purgy
  4464 | Sewer    | Killed Purgy
  4748 | D:6      | XOM: give mutations
  4748 | D:6      | Gained mutation: You are covered in fur. (AC +1) [Xom's grace]
  4748 | D:6      | Gained mutation: You are partially covered in thin metallic scales. (AC +2) [Xom's grace]
  4748 | D:6      | Gained mutation: Your large and strong wings let you fly indefinitely. [Xom's grace]
  4748 | D:6      | Gained mutation: Your natural rate of healing is unusually fast. [Xom's grace]
  4834 | D:6      | XOM: 5-stop teleportation journey
  4902 | D:6      | Reached skill level 6 in Armour
  4985 | D:6      | XOM: polymorph orc priest -> jelly
  5096 | D:6      | XOM: god gift: smoking platinum ring {god gift}
  5099 | D:6      | Got a smoking platinum ring {god gift}
  5100 | D:6      | Identified the ring of Xom's Reproof {rCorr +Fly rC- Dex+2} (Xom gifted it to you on level 6 of the Dungeon)
  5418 | D:7      | XOM: butterfly on damage
  5419 | D:7      | Reached XP level 9. HP: 38/56 MP: 9/9
  5509 | D:7      | XOM: summons 8 friendly demons
  5554 | D:7      | XOM: 2-stop teleportation journey
  5713 | D:7      | Got a smoking spear
  5714 | D:7      | Identified the +6 spear of Vuskan {elec, rC+ MP+9 Str+3} (You found it on level 7 of the Dungeon)
  5826 | D:8      | Found Jurich's Food Boutique.
  5837 | D:8      | Reached skill level 7 in Armour
  5852 | D:8      | XOM: god gift: scroll of teleportation
  5942 | D:8      | XOM: divine lightning
  5979 | D:8      | Noticed a three-headed hydra
  5991 | D:8      | XOM: summons 9 friendly demons
  5996 | D:8      | Killed a one-headed hydra
  5996 | D:8      | Reached skill level 8 in Armour
  5996 | D:8      | Reached skill level 1 in Evocations
  5996 | D:8      | Reached XP level 10. HP: 32/64 MP: 9/11
  6111 | D:8      | XOM: divination: detect items
  6252 | D:8      | Found a blossoming altar of Fedhas.
  6269 | D:8      | XOM: 1-stop teleportation journey
  6541 | D:8      | XOM: noise
  6607 | D:6      | XOM: divination: detect items
  6664 | D:4      | Bought an uncursed amulet of regeneration for 330 gold pieces
  6931 | D:9      | XOM: divination: detect creatures
  6992 | D:9      | XOM: noise
  7005 | D:9      | XOM: blink monster(s)
  7008 | D:9      | XOM: swap monsters
  7065 | D:9      | Noticed a harpy
  7068 | D:9      | XOM: enchant monster (good)
  7071 | D:9      | Noticed a two-headed ogre
  7072 | D:9      | Noticed a two-headed ogre
  7092 | D:9      | Killed a two-headed ogre
  7092 | D:9      | Reached skill level 9 in Armour
  7106 | D:9      | XOM: cast spell 'Discord'
  7110 | D:9      | Killed a two-headed ogre
  7501 | D:10     | Entered Level 10 of the Dungeon
  7511 | D:10     | XOM: blink monster(s)
  7893 | D:10     | XOM is BORED!
  7893 | D:10     | XOM: medium Tloc miscast
  7920 | D:10     | Reached XP level 11. HP: 71/71 MP: 13/13
  7944 | D:10     | XOM: potion effect (brilliance)
  8032 | D:10     | Found a staircase to the Lair.
  8091 | D:10     | XOM: scenery: create altars
  8145 | D:10     | XOM: cleaving
  8147 | D:10     | XOM: confuse monster(s)
  8174 | D:10     | XOM: scenery: create altars
  8194 | D:10     | XOM: give mutation
  8194 | D:10     | Gained mutation: You have a moderately thin skeletal structure. (Dex +4, Stealth+) [Xom's grace]
  8247 | D:10     | Found a roughly hewn altar of Beogh.
  8281 | D:10     | Found a staircase to the Orcish Mines.
  8411 | D:10     | XOM: god gift: 20 gold pieces
  8595 | D:11     | XOM: polymorph centaur -> steam dragon
  8617 | D:11     | Found a sacrificial altar of Ru.
  8754 | D:11     | Noticed Psyche
  8764 | D:11     | Paralysed by Psyche for 7 turns
  8768 | D:11     | XOM: summons 11 friendly demons
  8774 | D:11     | Killed Psyche
  8892 | D:11     | Noticed a cyclops
  8905 | D:11     | Killed a cyclops
  8943 | D:11     | XOM: harmless Air miscast
  9066 | D:11     | XOM: noise
  9190 | D:11     | Noticed a seven-headed hydra
  9191 | D:11     | Found a sacrificial altar of Ru.
  9196 | D:11     | XOM: blink monster(s)
  9206 | D:11     | Killed a seven-headed hydra
  9206 | D:11     | Reached skill level 10 in Fighting
  9390 | D:12     | Noticed a skeletal warrior
  9390 | D:12     | Noticed a skeletal warrior
  9390 | D:12     | Noticed a skeletal warrior
  9390 | D:12     | Noticed a skeletal warrior
  9397 | D:12     | XOM: cleaving
  9399 | D:12     | XOM: confuse monster(s)
  9400 | D:12     | XOM: enchant monster (good)
  9402 | D:12     | XOM: fog
  9455 | D:12     | XOM: 2-stop teleportation journey
  9513 | D:12     | XOM: mild Tmut miscast
  9515 | D:12     | Reached skill level 10 in Axes
  9525 | D:12     | Reached skill level 10 in Armour
  9628 | D:12     | XOM: harmless Hex miscast
  9658 | D:12     | Reached skill level 1 in Polearms
  9757 | D:12     | Noticed a two-headed ogre
  9766 | D:12     | Killed a two-headed ogre
  9779 | D:12     | Noticed a skeletal warrior
  9781 | D:12     | Noticed Rupert
  9793 | D:12     | Killed a skeletal warrior
  9793 | D:12     | Reached XP level 12. HP: 54/78 MP: 15/15
  9794 | D:12     | XOM: divine lightning
  9810 | D:12     | HP: 2/78 [Rupert/great mace of draining (21)]
  9810 | D:12     | XOM: butterfly on damage
  9827 | D:12     | Noticed Rupert
  9827 | D:12     | Rupert changed into Rupert the frost giant
  9827 | D:12     | XOM: polymorph Rupert -> Rupert the frost giant
  9871 | D:12     | XOM: divination: detect items
  9888 | D:12     | XOM: summons 2 friendly demons
  9916 | D:12     | Reached skill level 11 in Armour
  9923 | D:12     | Reached skill level 5 in Evocations
 10127 | D:12     | Noticed Maurice
 10142 | D:12     | Killed Maurice
 10227 | D:12     | Slain by a very large slime creature

Vault maps used:
D:1:      minmay_arrival_floating_metal, nemelex_xobeh_ov_fountains_minmay
D:2:      first_bread, uniq_sigmund, uniq_terence
D:3:      kennysheep_generic_room_10, uniq_natasha
D:4:      minmay_temple_entry_large_hall, serial_shops, shop,
          kennysheep_mini_moat, grunt_dithmenos_smoke
D:5:      bloody_trog
D:6:      gup_sewer_entry_spiral, minmay_misc_feat_ornament, uniq_menkaure
D:7:      roderic_hopi_sauvastika
D:8:      kennysheep_little_box, serial_shops, nicolae_shop_stone,
          hangedman_ranch
D:9:      eino_tiny_chamber
D:10:     lair_entry_dummy, david_orc_5
D:11:     basic_altar, nicolae_ru_sacrificial_ziggurat, uniq_psyche
D:12:     serial_undead, serial_undead_f, serial_undead_c, serial_undead_c,
          serial_undead_d, uniq_maurice, uniq_rupert
Sewer:    sewer_big_baddie

Skill      XL: |  1  2  3  4  5  6  7  8  9 10 11 12 |
---------------+-------------------------------------+-----
Fighting       | 4 5 6 7 9 10 | 10.9
Axes           | 3 4 5 7 8 10 | 10.5
Dodging        | 1 2 |  2.9
Armour         | 3 4 6 8 9 10 11 | 11.4
Slings         | 1 3 4 |  4.4
Evocations     | 1 3 4 5 |  5.3
Polearms       | 2 |  2.9
Long Blades    | |  0.8

Action                   |  1- 3 |  4- 6 |  7- 9 | 10-12 || total
-------------------------+-------+-------+-------+-------++-------
Melee: Hand axe          |   109 |   163 |       |       ||   272
       War axe           |       |    19 |   360 |   215 ||   594
       Falchion          |       |       |     7 |     1 ||     8
       Broad axe         |       |       |       |   196 ||   196
       Spear             |       |       |       |   134 ||   134
       Battleaxe         |       |       |       |    67 ||    67
 Fire: Hunting sling     |       |    13 |    23 |    62 ||    98
 Abil: Fly               |       |       |       |     1 ||     1
  Use: Scroll            |       |    10 |     7 |     8 ||    25
       Potion            |       |       |     4 |     5 ||     9
 Stab: Paralysed         |     1 |     1 |       |       ||     2
       Confused          |       |       |       |     1 ||     1
       Invisible         |       |       |       |     1 ||     1
  Eat: Chunk             |     1 |     4 |    13 |    17 ||    35
       Fruit             |       |       |     4 |     2 ||     6
       Royal jelly       |       |       |     3 |       ||     3
Armor: Leather armour    |    54 |    49 |       |       ||   103
       Scale mail        |       |    33 |       |       ||    33
       Chain mail        |       |    15 |   339 |    61 ||   415
       Plate armour      |       |       |       |   814 ||   814
       Skin              |       |       |       |     4 ||     4
Dodge: Dodged            |    60 |   100 |   151 |   314 ||   625
Block: Other             |     4 |    21 |    49 |    13 ||    87
       Rpst.: Falchion   |       |       |     1 |       ||     1
